 Dungeon Crawl Stone Soup version 0.22-a0-772-gac08f70 (webtiles) character file.

1932 Mamutox the Cleaver (level 9, -1/86 HPs)
             Began as an Ogre Chaos Knight on July 18, 2018.
             Slain by Sigmund the hornet (glowing shapeshifter) (14 damage)
             ... on level 7 of the Dungeon.
             The game lasted 00:27:01 (8102 turns).

Mamutox the Cleaver (Ogre Chaos Knight)             Turns: 8102, Time: 00:27:02

Health: -1/86      AC:  7    Str: 18 (21) XL:     9   Next: 17%
Magic:  15/15      EV: 11    Int: 11 (13) God:    Xom [...*..]
Gold:   184        SH:  0    Dex: 10 (11) Spells: 14/14 levels left

rFire    . . .     SeeInvis .   a - +0 hand axe (chaos)
rCold    . . .     Gourm    .   (no shield)
rNeg     . . .     Faith    +   q - +2 robe
rPois    +         Spirit   .   J - +2 hat
rElec    .         Reflect  .   i - +0 cloak {rPois}
rCorr    .         Harm     .   (gloves unavailable)
MR       +....                  (boots unavailable)
Stlth    +.........             h - amulet of faith
HPRegen  0.24/turn              d - ring of poison resistance
MPRegen  0.14/turn              A - +3 ring of strength

@: cleaving, heavily drained
A: large, unfitting armour, talons 1, repulsion field 1, blurry vision 1,
deformed body, deterioration 2, frail 1, high mp 1, magic resistance 1,
screaming 1, tough skin 1
a: Renounce Religion


You were on level 7 of the Dungeon.
You worshipped Xom.
You were a favourite toy of Xom.
You were not hungry.

You visited 2 branches of the dungeon, and saw 8 of its levels.

You collected 513 gold pieces.
You spent 329 gold pieces at shops.

Inventory:

Hand Weapons
 a - a +0 hand axe of chaos (weapon)
 b - a cursed -2 blowgun
 o - a +3 spear
Missiles
 k - 34 poisoned needles
 t - 6 javelins (quivered)
 u - 7 tomahawks
 F - a throwing net
Armour
 i - a +0 cloak of poison resistance (worn)
 q - a +2 robe (worn)
 J - a +2 hat (worn)
Jewellery
 d - a ring of poison resistance (left hand)
 h - an amulet of faith (around neck)
 A - a +3 ring of strength (right hand)
Wands
 v - a wand of scattershot (7)
 E - a wand of polymorph (17)
 H - a wand of random effects (30)
Scrolls
 e - 3 scrolls of amnesia
 n - a scroll of identify
 p - a scroll of remove curse
 s - 2 scrolls of magic mapping
 x - 2 scrolls of teleportation
 y - a scroll of fog
 z - a scroll of fear {unknown}
 B - a scroll of enchant weapon
Potions
 f - 3 potions of might
 g - a potion of lignification
 j - 5 potions of curing
 l - a potion of heal wounds
 m - 3 potions of brilliance
 r - 2 potions of magic
 w - 2 potions of flight
 D - a potion of agility {unknown}
 G - a potion of invisibility {unknown}
Comestibles
 c - 14 rations


   Skills:
 + Level 8.1(6.4) Fighting
 * Level 9.5(7.6) Axes
 - Level 3.6(2.1) Throwing
 - Level 2.1(0.6) Dodging
 + Level 3.1(1.6) Spellcasting
 + Level 0.4(0.0) Evocations


You had 14 spell levels left.
You didn't know any spells.
Your spell library contained the following spells:

 Spells                   Type           Power        Failure   Level  Hunger
 Magic Dart               Conj           #...         30%         1    ##.....
 Apportation              Tloc           #.....       30%         1    ##.....
 Conjure Flame            Conj/Fire      #.......     67%         3    ####...
 Slow                     Hex            #.......     43%         2    ###....
 Mephitic Cloud           Conj/Pois/Air  #.......     67%         3    ####...
 Summon Small Mammal      Summ           #...         30%         1    ##.....
 Blink                    Tloc           N/A          43%         2    ###....
 Animate Skeleton         Necr           N/A          30%         1    ##.....
 Call Imp                 Summ           #.......     43%         2    ###....
 Confusing Touch          Hex            #.....       30%         1    ##.....
 Call Canine Familiar     Summ           #.......     67%         3    ####...
 Summon Guardian Golem    Hex/Summ       #.......     67%         3    ####...
 Dragon's Call            Summ           #.........   100%        9    #######


Dungeon Overview and Level Annotations

Branches:
Dungeon (7/15)             Temple (1/1) D:5

Altars:
Elyvilon
Wu Jian
Xom

Shops:
D:5 [?!%   D:7 (


Innate Abilities, Weirdness & Mutations

You are too large for most types of armour.
You have tough skin. (AC +1)
You have sharp toenails.
You are surrounded by a mild repulsion field. (EV +2)
Scrolls take you a little longer to read.
Armour fits poorly on your strangely shaped body.
Your body often deteriorates upon taking damage.
You are frail. (-10% HP)
You have an increased reservoir of magic. (+10% MP)
You are resistant to hostile enchantments. (MR+)
You occasionally shout uncontrollably at your foes.


Message History

Xom smiles on you.
Your +0 hand axe of chaos looks sharp (like it always does).
Sigmund the crocodile changes into a rime drake!
Sigmund the rime drake changes into a troll!
You see here a stone.
You see here 2 stones.
Sigmund the hornet comes into view.
There is an open door here.
Sigmund closely misses you.
There is a stone staircase leading down here.
Sigmund stings you!
* * * LOW HITPOINT WARNING * * *
Your body deteriorates!
You feel weakened.
You climb downwards.
There is a stone staircase leading up here.
Sigmund stings you.
* * * LOW HITPOINT WARNING * * *
Sigmund stings you!
You die...
Xom bursts into laughter!

#. #. ##'##
##...##
##.....##
##.......##
#.......@.####..
'.......y.'(....
#.........##.#..
##.......## #
##.....##
##...## ##'## #.
#.


You could see Sigmund the hornet.

Vanquished Creatures
  A rime drake (D:5)
  Duvessa (D:5)
  An ice beast (D:5)
  A sky beast (D:6)
  2 ogres (D:4)
  A phantom (D:7)
  Blork the orc (D:4)
  A big kobold (D:5)
  A bullfrog (D:6)
  A scorpion (D:6)
  Dowan (D:5)
  A wight (D:7)
  2 howler monkeys
  2 hounds
  2 gnoll shamans
  A jelly (D:6)
  A bullfrog skeleton (D:5)
  Ijyb (D:3)
  2 orc wizards
  6 worker ants
  A hound skeleton (D:5)
  A worker ant zombie (D:6)
  4 adders
  6 gnolls
  7 river rats (D:6)
  An ooze (D:2)
  An adder skeleton (D:5)
  2 worms
  A dart slug (D:2)
  4 leopard geckos
  22 orcs
  3 giant cockroaches
  5 hobgoblins
  13 jackals
  12 kobolds
  3 quokkas
  2 ball pythons
  5 bats
  6 frilled lizards
  12 goblins
  A jackal zombie (D:5)
  2 quokka skeletons
  18 rats
162 creatures vanquished.

Notes
Turn   | Place    | Note
-------+----------+-------------------------------------------
     0 | D:1      | Mamutox the Ogre Chaos Knight began the quest for the Orb.
     0 | D:1      | Reached XP level 1. HP: 24/24 MP: 1/1
   111 | D:1      | Reached XP level 2. HP: 26/32 MP: 2/2
   350 | D:1      | XOM: divination: magic mapping
   434 | D:1      | XOM: harmless Ice miscast
   675 | D:1      | XOM: scenery: create altars
   833 | D:1      | XOM: mild Tmut miscast
  1100 | D:2      | Reached XP level 3. HP: 36/40 MP: 3/3
  1378 | D:2      | Reached skill level 4 in Axes
  1585 | D:2      | XOM: fake destruction
  1731 | D:2      | Reached XP level 4. HP: 48/49 MP: 4/4
  1897 | D:2      | XOM: mild Erth miscast
  1971 | D:2      | XOM is BORED!
  2203 | D:3      | Reached skill level 5 in Fighting
  2219 | D:3      | XOM: mild Tloc miscast
  2465 | D:3      | XOM: swap monsters
  2714 | D:3      | XOM: give mutations
  2714 | D:3      | Gained mutation: You are clumsy. (Dex -2) [Xom's mischief]
  2714 | D:3      | Gained mutation: You are dopey. (Int -2) [Xom's mischief]
  2714 | D:3      | Gained mutation: You are frail. (-10% HP) [Xom's mischief]
  2714 | D:3      | Gained mutation: You occasionally shout uncontrollably at your foes. [Xom's mischief]
  2721 | D:3      | Lost mutation: You are dopey. (Int -2) [potion of mutation]
  2721 | D:3      | Lost mutation: You are clumsy. (Dex -2) [potion of mutation]
  2721 | D:3      | Gained mutation: You tend to lose your temper in combat. [potion of mutation]
  2721 | D:3      | Gained mutation: You are clumsy. (Dex -2) [potion of mutation]
  2721 | D:3      | Gained mutation: You are surrounded by a mild repulsion field. (EV +2) [potion of mutation]
  2722 | D:3      | Lost mutation: You are clumsy. (Dex -2) [potion of mutation]
  2722 | D:3      | Lost mutation: You are frail. (-10% HP) [potion of mutation]
  2722 | D:3      | Lost mutation: You occasionally shout uncontrollably at your foes. [potion of mutation]
  2722 | D:3      | Lost mutation: You tend to lose your temper in combat. [potion of mutation]
  2722 | D:3      | Gained mutation: You have an increased reservoir of magic. (+10% MP) [potion of mutation]
  2722 | D:3      | Gained mutation: You have sharp toenails. [potion of mutation]
  2722 | D:3      | Gained mutation: You occasionally shout uncontrollably at your foes. [potion of mutation]
  2722 | D:3      | Gained mutation: Your muscles are strong. (Str +2) [potion of mutation]
  2805 | D:3      | Reached skill level 1 in Throwing
  2982 | D:3      | Noticed Ijyb
  3009 | D:3      | Killed Ijyb
  3009 | D:3      | Reached XP level 5. HP: 50/57 MP: 5/5
  3131 | D:3      | XOM: silly message
  3297 | D:4      | Noticed an ogre
  3299 | D:4      | XOM: fog
  3301 | D:4      | Killed an ogre
  3346 | D:4      | Noticed an ogre
  3356 | D:4      | Killed an ogre
  3356 | D:4      | Reached skill level 5 in Axes
  3356 | D:4      | Reached XP level 6. HP: 63/66 MP: 6/6
  3410 | D:4      | XOM: 3-stop teleportation journey
  3411 | D:4      | Noticed Blork the orc
  3420 | D:4      | XOM: enchant monster (bad)
  3424 | D:4      | Killed Blork the orc
  3439 | D:4      | Reached skill level 6 in Axes
  3439 | D:4      | Reached XP level 7. HP: 60/72 MP: 7/7
  3519 | D:4      | XOM: scenery: create altars
  3925 | D:5      | Entered Level 5 of the Dungeon
  3956 | D:5      | Found Faeptur's Armour Boutique.
  4000 | D:5      | Bought a +0 cloak of poison resistance for 110 gold pieces
  4006 | D:5      | XOM: harmless Tloc miscast
  4008 | D:5      | XOM: 3-stop teleportation journey
  4016 | D:5      | Noticed Dowan
  4027 | D:5      | XOM: confuse monster(s)
  4034 | D:5      | Killed Dowan
  4055 | D:5      | Found a staircase to the Ecumenical Temple.
  4094 | D:5      | XOM: polymorph ogre -> big kobold
  4130 | D:5      | Noticed a rime drake
  4130 | D:5      | an ice beast changed into a rime drake
  4130 | D:5      | XOM: polymorph ice beast -> rime drake
  4137 | D:5      | Killed a rime drake
  4137 | D:5      | Reached skill level 7 in Axes
  4137 | D:5      | Reached XP level 8. HP: 45/84 MP: 8/8
  4175 | Temple   | Entered the Ecumenical Temple
  4504 | D:5      | Reached skill level 8 in Axes
  4526 | D:5      | Found Vuit's Distillery.
  4540 | D:5      | Bought a potion of flight for 39 gold pieces
  4540 | D:5      | Bought a potion of heal wounds for 65 gold pieces
  4907 | D:5      | Identified the Almanac of Heresy
  5098 | D:5      | XOM: medium Ice miscast
  5228 | D:5      | Noticed Duvessa
  5245 | D:5      | XOM: scenery: create altars
  5247 | D:5      | XOM: stat loss: -1 Str (18/19)
  5250 | D:5      | Killed Duvessa
  5250 | D:5      | Reached skill level 1 in Spellcasting
  5450 | D:5      | XOM: give mutations
  5450 | D:5      | Lost mutation: Your muscles are strong. (Str +2) [Xom's mischief]
  5450 | D:5      | Gained mutation: You are frail. (-10% HP) [Xom's mischief]
  5450 | D:5      | Gained mutation: Armour fits poorly on your strangely shaped body. [Xom's mischief]
  5499 | D:5      | Found Feutym's Food Shoppe.
  5752 | D:5      | Found Qytsi's Magic Scroll Boutique.
  5757 | D:5      | Bought a scroll of enchant weapon for 82 gold pieces
  5757 | D:5      | Bought a scroll of remove curse for 33 gold pieces
  6135 | D:6      | XOM: severe Chrm miscast
  6257 | D:6      | XOM: stat loss: -1 Int (12/13)
  6281 | D:6      | XOM: harmless Hex miscast
  6348 | D:6      | XOM: 3-stop teleportation journey
  6409 | D:6      | XOM: harmless Tmut miscast
  6428 | D:6      | XOM: medium Erth miscast
  6518 | D:6      | Reached skill level 9 in Axes
  6555 | D:6      | XOM: enchant monster (bad)
  6870 | D:6      | Reached XP level 9. HP: 73/86 MP: 12/14
  6943 | D:6      | XOM: mild Pois miscast
  7168 | D:6      | XOM: cloud trail
  7224 | D:6      | XOM: god gift: 63 gold pieces
  7507 | D:7      | XOM: god gift: 44 gold pieces
  7555 | D:7      | XOM: god gift: phial of floods
  7567 | D:7      | Found Jailamib's Weapon Boutique.
  7604 | D:7      | XOM: give mutations
  7604 | D:7      | Gained mutation: Your body sometimes deteriorates upon taking damage. [Xom's mischief]
  7604 | D:7      | Gained mutation: Your body often deteriorates upon taking damage. [Xom's mischief]
  7604 | D:7      | Gained mutation: You are resistant to hostile enchantments. (MR+) [Xom's mischief]
  7604 | D:7      | Gained mutation: Scrolls take you a little longer to read. [Xom's mischief]
  7640 | D:7      | XOM: god gift: ration
  7730 | D:7      | XOM: harmless Air miscast
  7749 | D:7      | XOM: noise
  7759 | D:6      | Noticed Sigmund
  7782 | D:7      | XOM: mild Pois miscast
  7785 | D:7      | XOM: swap monsters
  7889 | D:7      | XOM: scenery: 4 doors open
  8083 | D:6      | XOM: cleaving
  8083 | D:6      | Noticed Sigmund
  8083 | D:6      | Sigmund the crocodile changed into Sigmund the rime drake
  8085 | D:6      | Noticed Sigmund
  8085 | D:6      | Sigmund the rime drake changed into Sigmund the troll
  8095 | D:6      | Noticed Sigmund
  8102 | D:7      | Slain by Sigmund the hornet (glowing shapeshifter)

Vault maps used:
D:1:      dpeg_arrival_solitude, hangedman_decor_points, supply_closet_lemuel
D:2:      kb_forest_paths
D:3:      kennysheep_the_goblin_king, first_ration
D:4:      minmay_misc_feat_diagonals, serial_bayou_ford_a, uniq_blork_the_orc
D:5:      minmay_temple_entry_poolview, serial_shops, kennysheep_little_box,
          shop, shop, shop, kennysheep_cross_bottleneck, uniq_duvessa
D:6:      dk_rats_in_the_wall, uniq_sigmund
D:7:      kennysheep_mini_moat, serial_shops, nicolae_shop_behind_doors
Temple:   regret_index_temple_chain_breaker

Skill      XL: |  1  2  3  4  5  6  7  8  9 |
---------------+----------------------------+-----
Axes           | 4 5 6 7 9 |  9.5
Fighting       | 5 6 7 8 |  8.1
Throwing       | 2 3 |  3.6
Spellcasting   | 2 3 |  3.1
Dodging        | |  2.1
Evocations     | |  0.4

Action                   |  1- 3 |  4- 6 |  7- 9 || total
-------------------------+-------+-------+-------++-------
Melee: Hand axe          |   119 |   131 |   334 ||   584
       Kick              |       |    18 |    88 ||   106
Throw: Javelin           |       |     5 |     1 ||     6
  Use: Scroll            |       |    12 |     6 ||    18
       Potion            |       |     2 |     1 ||     3
 Stab: Petrifying        |     1 |       |       ||     1
       Petrified         |       |     2 |       ||     2
       Paralysed         |       |       |     5 ||     5
       Confused          |       |       |     2 ||     2
  Eat: Chunk             |     2 |     6 |    15 ||    23
       Ration            |       |       |     2 ||     2
Armor: Robe              |    35 |    55 |    74 ||   164
Dodge: Dodged            |    67 |    99 |   171 ||   337

Table legend:
 A = Spawn XP
 B = Non-spawn XP
 C = Spawn XP percentage of total XP
 D = Spawn monster count
 E = Non-spawn monster count
 F = Spawn count percentage of total count
 G = Total turns spent on level
                    A         B        C        D         E        F      G
               +---------+---------+-------+---------+---------+-------+---------
         Total |       0 |    2761 |   0.0 |       0 |     162 |   0.0 |  8102
               +---------+---------+-------+---------+---------+-------+---------
           D:1 |       0 |      28 |   0.0 |       0 |      18 |   0.0 |   982
           D:2 |       0 |      59 |   0.0 |       0 |      15 |   0.0 |  1206
           D:3 |       0 |      97 |   0.0 |       0 |      33 |   0.0 |  1097
           D:4 |       0 |     553 |   0.0 |       0 |      22 |   0.0 |   640
           D:5 |       0 |    1136 |   0.0 |       0 |      32 |   0.0 |  1694
           D:6 |       0 |     676 |   0.0 |       0 |      37 |   0.0 |  1596
           D:7 |       0 |     212 |   0.0 |       0 |       5 |   0.0 |   601
               +---------+---------+-------+---------+---------+-------+---------
